 Dungeon Crawl Stone Soup version 0.17-a0-372-gcac7fed (webtiles) character file.

527 bawbag the Cleaver (level 7, 0/61 HPs)
             Began as a Deep Dwarf Fighter on Apr 1, 2015.
             Slain by an ogre
             ... wielding a +0 giant club
              (7 damage)
             ... on level 4 of the Dungeon.
             The game lasted 00:08:10 (2412 turns).

bawbag the Cleaver (Deep Dwarf Fighter)             Turns: 2412, Time: 00:08:10

Health: 0/61       AC:  9    Str: 19    XL:     7   Next: 3%
Magic:  7/7        EV:  7    Int:  9    God:
Gold:   185        SH:  9    Dex: 14    Spells: 0 memorised, 6 levels left

rFire  . . .     SeeInvis .     a - +0 war axe
rCold  . . .     Clarity  .     b - +0 scale mail
rNeg   . . .     SustAb   .     c - +0 shield
rPois  .         Gourm    .     j - +0 helmet
rElec  .         Spirit   .     k - +0 cloak
rCorr  .         Warding  .     (no gloves)
rMut   .         Stasis   .     (no boots)
MR     +....                    (no amulet)
Stlth  ..........               (no ring)
                                (no ring)

@: non-regenerating, somewhat resistant to hostile enchantments, extremely
unstealthy
A: damage resistance, recharge devices, sense surroundings 1, slow healing 3
a: Device Recharging


You were on level 4 of the Dungeon.
You were not hungry.

You visited 1 branch of the dungeon, and saw 4 of its levels.

You collected 273 gold pieces.
You spent 88 gold pieces at shops.

Inventory:

Hand weapons
 a - a +0 war axe (weapon)
Armour
 b - a +0 scale mail (worn)
 c - a +0 shield (worn)
 j - a +0 helmet (worn)
 k - a +0 cloak (worn)
Jewellery
 l - a cursed ring of loudness {unknown}
 z - an uncursed amulet of regeneration {unknown}
Magical devices
 d - a wand of heal wounds (0)
 r - a wand of invisibility (6)
Scrolls
 g - 2 scrolls of enchant weapon {unknown}
 h - 2 scrolls of remove curse {unknown}
 i - 2 scrolls of identify {unknown}
 q - a scroll of immolation {unknown}
 s - a scroll of recharging {unknown}
 v - a scroll of teleportation {unknown}
 y - a scroll of blinking {unknown}
 A - a scroll of magic mapping {unknown}
Potions
 e - 3 potions of might
 m - 5 potions of curing
 n - 2 potions of heal wounds
 o - a potion of brilliance {unknown}
 u - a potion of ambrosia {unknown}
 w - a potion of flight {unknown}
 x - a potion of agility {unknown}
Comestibles
 f - 2 bread rations
 p - a meat ration
 B - 2 fruits


   Skills:
 - Level 2.6 Fighting
 + Level 8.4 Axes
 - Level 3.2 Armour
 - Level 3.2 Shields


You had 6 spell levels left.
You didn't know any spells.

Dungeon Overview and Level Annotations

Branches:
Dungeon (4/15)
 Temple: D:4-7

Altars:
Ashenzari
Nemelex Xobeh

Shops:
D:4 !*%


Innate Abilities, Weirdness & Mutations

You are resistant to damage.
You can recharge devices by infusing magical energy.
You passively map a small area around you.
You do not heal naturally.


Message History

You have reached level 7!
You see here a quarterstaff.
You are feeling hungry.
Found 18 bolts of flame.
There is a stone staircase leading up here.
An ogre comes into view. It is wielding a giant club.
Eat which item? (? for menu, Esc to quit)
Okay, then.
Eat which item? (? for menu, Esc to quit)
The ogre shouts!
Mmmm...
Yummy guava.
An orc comes into view. It is wielding a dagger.
The orc shouts!
Your shield and scale mail prevent you from hitting the ogre.
The ogre hits you with a giant club!
* * * LOW HITPOINT WARNING * * *
You hit the ogre.
The ogre is lightly wounded.
The ogre hits you with a giant club!
You die...

#...............#.....(..........
#......#####.<####........#.#..##
.........####...........###.##.#
......#........###.#...## #.##.##
......#.......(# #..#.## #.##..#
.........##....# ##.#.#####......
..............o####...##.........
.......####.#..O..##..##.........
#......# #.##.(@.....#..........
.....#.# #...>.....[...>....>...
.......#######...................
....#........##......##..........
.#.##..#####.........##...8..∩..8
.#........#####..................
..#................##.....†......
..>.........####...##....)..<#...
).###.....#...........#.......###


You could see an ogre and an orc.

Vanquished Creatures
  A sky beast (D:3)
  A phantom (D:4)
  Crazy Yiuf (D:2)
  Terence (D:3)
  A worker ant (D:4)
  A hound skeleton (D:4)
  3 gnolls (D:2)
  3 river rats (D:2)
  4 worms
  9 adders
  An adder skeleton (D:4)
  3 giant geckos
  An ooze (D:1)
  6 orcs
  4 giant cockroaches
  3 hobgoblins
  4 bats
  6 giant newts
  12 goblins
  8 jackals
  10 kobolds
  A quokka skeleton (D:4)
  3 rats
  A fungus (D:2)
88 creatures vanquished.

Notes
Turn   | Place    | Note
--------------------------------------------------------------
     0 | D:1      | bawbag, the Deep Dwarf Fighter, began the quest for the Orb.
     0 | D:1      | Reached XP level 1. HP: 20/20 MP: 1/1
    49 | D:1      | Found a shattered altar of Ashenzari.
   230 | D:1      | Reached XP level 2. HP: 27/27 MP: 2/2
   429 | D:1      | You fall through a shaft!
   540 | D:2      | Reached skill level 4 in Axes
   540 | D:2      | Reached XP level 3. HP: 26/33 MP: 3/3
   685 | D:2      | Reached XP level 4. HP: 18/40 MP: 4/4
   728 | D:2      | Reached skill level 5 in Axes
  1174 | D:2      | Reached XP level 5. HP: 23/46 MP: 5/5
  1315 | D:2      | Noticed Crazy Yiuf
  1322 | D:2      | Killed Crazy Yiuf
  1322 | D:2      | Reached skill level 6 in Axes
  1579 | D:3      | Noticed a sky beast
  1614 | D:3      | Killed a sky beast
  1614 | D:3      | Reached skill level 7 in Axes
  1614 | D:3      | Reached XP level 6. HP: 17/55 MP: 6/6
  1953 | D:3      | Noticed Terence
  1975 | D:3      | Killed Terence
  2052 | D:4      | Found Oto Leiwnofi's Food Boutique.
  2106 | D:4      | Found Qiato's Assorted Antiques.
  2117 | D:4      | Found a sparkling altar of Nemelex Xobeh.
  2181 | D:4      | Found Elairui's Distillery.
  2184 | D:4      | Bought a potion of heal wounds for 55 gold pieces
  2184 | D:4      | Bought a potion of curing for 33 gold pieces
  2286 | D:4      | Reached skill level 8 in Axes
  2333 | D:4      | Reached XP level 7. HP: 17/61 MP: 7/7
  2412 | D:4      | Slain by an ogre

Action                   |  1- 3 |  4- 6 |  7- 9 || total
-------------------------+-------+-------+-------++-------
Melee: War axe           |    87 |   266 |     2 ||   355
Evoke: Wand              |       |     5 |       ||     5
  Eat: Chunk             |       |     5 |       ||     5
       Fruit             |       |       |     1 ||     1
